 Dungeon Crawl Stone Soup version 0.27.0-1-g7a089689b8 (webtiles) character file.

Game seed: 7565309915894460999

1595 SkeletonJelly the Carver (level 8, 0/63 HPs)
             Began as a Purple Draconian Monk on Aug 10, 2021.
             Was a Priest of Trog.
             Slain by Pikel (3 damage)
             ... on level 5 of the Dungeon.
             The game lasted 00:08:11 (5626 turns).

SkeletonJelly the Carver (Purple Draconian Monk)    Turns: 5626, Time: 00:08:11

Health: 0/63       AC:  7    Str: 14    XL:     8   Next: 62%
Magic:  8/8        EV: 13    Int: 10    God:    Trog [***...]
Gold:   107        SH:  0    Dex: 16    Spells: 7/7 levels left

rFire    . . .     SeeInvis .   a - +0 falchion
rCold    . . .     Faith    .   (no shield)
rNeg     . . .     Spirit   .   (armour unavailable)
rPois    .         Reflect  .   (helmet restricted)
rElec    .         Harm     .   b - +0 cloak
rCorr    .         Rampage  .   (no gloves)
Will     +++..                  (no boots)
Stlth    ++........             (no amulet)
HPRegen  1.20/turn              (no ring)
MPRegen  0.11/turn              (no ring)

@: mighty, short of breath, strong-willed, on berserk cooldown, attractive,
regenerating
A: breathe power, AC +6, unfitting armour, cold-blooded
a: Breathe Dispelling Energy, Renounce Religion, Berserk, Trog's Hand


You were on level 5 of the Dungeon.
You worshipped Trog.
Trog was most pleased with you.
You visited 1 branch of the dungeon, and saw 5 of its levels.

You collected 107 gold pieces.

Inventory:

Hand Weapons
 a - a +0 falchion (weapon)
Missiles
 t - 2 throwing nets
Armour
 b - a +0 cloak (worn)
Jewellery
 s - an amulet of the acrobat
Wands
 o - a wand of digging (4)
Scrolls
 d - 3 scrolls of teleportation {unknown}
 g - a scroll of noise {unknown}
 h - a scroll of blinking {unknown}
 i - 8 scrolls of identify {unknown}
 m - 2 scrolls of enchant armour {unknown}
 n - a scroll of acquirement {unknown}
 q - a scroll of magic mapping {unknown}
 r - a scroll of fog {unknown}
Potions
 c - a potion of degeneration
 j - a potion of curing
 k - a potion of lignification {unknown}
 l - a potion of flight {unknown}
 p - a potion of attraction


   Skills:
 - Level 3.2 Fighting
 + Level 11.2 Long Blades
 - Level 2.6 Dodging
 - Level 1.7 Stealth


You had 7 spell levels left.
You didn't know any spells.
Your spell library contained the following spells:

 Spells                   Type           Power      Damage    Failure   Level
 Tukima's Dance           Hex            0%         N/A       75%         3
 Passage of Golubria      Tloc           N/A        N/A       98%         4
 Yara's Violent Unravell  Hex/Tmut       0%         3d3       100%        5


Dungeon Overview and Level Annotations

Branches:
Dungeon (5/15)             Temple (0/1) D:4

Altars:
Makhleb
Trog

Shops:
D:1 *

Annotations:
D:5 Pikel


Innate Abilities, Weirdness & Mutations

You can breathe bolts of dispelling energy.
Your rich purple scales are hard. (AC +6)
You cannot fit into any form of body armour.
You are cold-blooded and may be slowed by cold attacks.


Message History

The hornet zombie is heavily damaged.
The hornet zombie hits you!
You are too injured to fight recklessly!
You are too injured to fight recklessly!
You are too injured to fight recklessly!
You are too injured to fight recklessly!
You are too injured to fight recklessly!
A red film seems to cover your vision as you go berserk!
You feel yourself moving faster!
You feel mighty! The hornet zombie hits you!
You hit the hornet zombie.
The hornet zombie is heavily damaged.
The hornet zombie barely misses you.
You completely miss the hornet zombie.
You tail-slap the hornet zombie, but do no damage.
The hornet zombie is heavily damaged.
You slash the hornet zombie!
The hornet zombie is severely damaged.
The hornet zombie hits you.
You slash the hornet zombie!
You destroy the hornet zombie!
Trog accepts your kill.
You feel a strong urge to attack something.
You feel your anger nearly subside.
You are no longer berserk.
You are exhausted.
You feel yourself slow down.
You have got your breath back.
Key pressed, stopping explore.
You are too injured to fight recklessly!
Pikel is nearby!
Pikel is nearby!
Pikel is nearby!
Pikel is nearby!
Pikel is nearby!
Pikel shouts!
You hear a shout! x3
Abil: Breathe Dispelling Energy
Press: ? - help, Q - select action, (/) - cycle Shift-Dir - straight line, f - Pikel
Aim: Pikel, wielding a +0 whip of freezing and wearing a +0 robe You breathe a bolt of dispelling energy.
The bolt of dispelling energy misses Pikel.
Okay, then.
It was a potion of curing.
You feel better.
It was a potion of attraction.
You feel attractive to monsters.
Pikel hits you with a +0 whip of freezing.
Pikel freezes you.
A lemure comes into view.
Pikel hits you but does no damage. The lemure is pulled toward you! x2
You feel very mighty all of a sudden.
Pikel says, "Asmodeus and me are pals.
He gave me this whip."
Pikel hits you but does no damage.
You hit Pikel.
Pikel is lightly wounded.
Pikel barely misses you.
You closely miss Pikel.
Pikel is lightly wounded.
Pikel hits you with a +0 whip of freezing.
You feel as though you will be slow longer.
Pikel freezes you.
You closely miss Pikel.
Pikel is lightly wounded.
Pikel closely misses you.
You riposte.
You barely miss Pikel.
Pikel is lightly wounded.
The lemure barely misses you. The lemure hits you.
You hit Pikel. You tail-slap Pikel, but do no damage.
Pikel is lightly wounded.
Pikel hits you with a +0 whip of freezing!
* * * LOW HITPOINT WARNING * * *
Pikel freezes you.
* * * LOW HITPOINT WARNING * * *
The lemure hits you.
* * * LOW HITPOINT WARNING * * *
The lemure barely misses you. Pikel hits you but does no damage.
The lemure closely misses you.
Your skin crawls.
You feel strong-willed. The lemure hits you.
* * * LOW HITPOINT WARNING * * *
Pikel hits you with a +0 whip of freezing.
* * * LOW HITPOINT WARNING * * *
Pikel freezes you.
* * * LOW HITPOINT WARNING * * *
The lemure closely misses you. The lemure hits you but does no damage.
You slash Pikel!
Pikel is moderately wounded.
You feel yourself speed up.
Pikel hits you with a +0 whip of freezing.
* * * LOW HITPOINT WARNING * * *
Pikel freezes you.
* * * LOW HITPOINT WARNING * * *
The lemure hits you.
* * * LOW HITPOINT WARNING * * *
The lemure misses you.
You riposte.
You barely miss the lemure.
Okay, then.
Unknown command.
Unknown command.
As you read the scroll labelled ZIATZUG NAGAOB, it crumbles to dust.
The creatures around you are filled with an inner flame!
It was a scroll of immolation.
Pikel hits you with a +0 whip of freezing.
You die...

##### #.5@# #.5K###
#.....# #....$#
#.....#
#######.....##### ##
#....##..........
#≈##....##..........
#≈≈#....##..........


You could see Pikel (inner flame) and 2 lemures.

Vanquished Creatures
  A two-headed ogre (D:5)
  A hornet zombie (D:5)
  3 ogres
  A phantom (D:4)
  A bullfrog (D:3)
  A gnoll sergeant (D:5)
  A scorpion (D:5)
  2 water moccasin skeletons
  A jelly (D:4)
  An orc priest (D:3)
  Ijyb (D:4)
  Natasha (thrice) (D:4)
  3 gnolls (D:5)
  4 adders
  3 worms
  4 dart slugs
  5 orcs
  10 ball pythons
  5 endoplasms
  A giant cockroach (D:2)
  8 goblins
  9 hobgoblins
  4 jackals (D:4)
  4 quokkas
  6 bats
  A frilled lizard (D:1)
  5 kobolds
  4 rats
93 creatures vanquished.

Notes
Turn   | Place    | Note
-------+----------+-------------------------------------------
     0 | D:1      | SkeletonJelly the Draconian Monk began the quest for the
                  | Orb.
     0 | D:1      | Reached XP level 1. HP: 19/19 MP: 1/1
   318 | D:1      | Reached XP level 2. HP: 23/26 MP: 2/2
   610 | D:1      | Reached skill level 4 in Long Blades
   670 | D:1      | Found Oklaorr's General Store.
   942 | D:2      | Reached XP level 3. HP: 13/31 MP: 3/3
  1504 | D:2      | Found a bloodstained altar of Trog.
  1599 | D:2      | Became a worshipper of Trog the Wrathful
  1599 | D:2      | Reached * piety under Trog
  1599 | D:2      | Reached ** piety under Trog
  2352 | D:3      | Noticed a bullfrog
  2361 | D:3      | Killed a bullfrog
  2362 | D:3      | Reached skill level 5 in Long Blades
  2362 | D:3      | Reached XP level 4. HP: 19/38 MP: 4/4
  2655 | D:3      | Reached XP level 5. HP: 45/45 MP: 5/5
  2659 | D:3      | Reached skill level 6 in Long Blades
  3245 | D:3      | Noticed an ogre
  3251 | D:3      | Killed an ogre
  3371 | D:4      | Reached XP level 6. HP: 34/51 MP: 6/6
  3380 | D:4      | Reached skill level 7 in Long Blades
  3821 | D:4      | Found a staircase to the Ecumenical Temple.
  3837 | D:4      | Reached skill level 8 in Long Blades
  3837 | D:4      | Your scales start taking on a rich purple colour.
  3837 | D:4      | Reached XP level 7. HP: 57/57 MP: 7/7
  3963 | D:4      | Noticed Ijyb
  3976 | D:4      | Killed Ijyb
  4237 | D:4      | Found a burning altar of Makhleb.
  4272 | D:4      | Reached *** piety under Trog
  4319 | D:4      | Noticed Natasha
  4324 | D:4      | Killed Natasha
  4452 | D:4      | Found a staircase to the Ecumenical Temple.
  4710 | D:4      | Noticed Natasha
  4744 | D:4      | Killed Natasha
  4783 | D:4      | Found a burning altar of Makhleb.
  4916 | D:4      | Noticed Natasha
  4930 | D:4      | Killed Natasha
  5001 | D:5      | Entered Level 5 of the Dungeon
  5004 | D:5      | Noticed a two-headed ogre
  5070 | D:5      | Killed a two-headed ogre
  5071 | D:5      | Reached skill level 10 in Long Blades
  5071 | D:5      | Reached XP level 8. HP: 31/63 MP: 8/8
  5256 | D:5      | Noticed Pikel
  5352 | D:5      | Reached skill level 11 in Long Blades
  5625 | D:5      | HP: 3/63 [Pikel (1)]
  5625 | D:5      | HP: 1/63 [lemure[Pikel] (2)]
  5626 | D:5      | Slain by Pikel

Illustrated notes

Levels and vault maps discovered:
D:1:      psy_arrival_whirlpool, layout_loops_corners, serial_shops,
          nicolae_shop_crystal, solitary_fountain, serial_bayou_ford_a
D:2:      layout_loops_ring, basic_altar
D:3:      layout_basic, hangedman_abyss_or_decor_lesser_grid
D:4:      layout_loops_cross, kennysheep_mini_moat,
          minmay_temple_entry_junction, uniq_ijyb, uniq_natasha
D:5:      cheibrodos_thug_alley, layout_basic,
          chequers_temple_overflow_statue_of_worship, nicolae_shop_clearance,
          uniq_menkaure, uniq_prince_ribbit1, uniq_pikel

Skill      XL: |  1  2  3  4  5  6  7  8 |
---------------+-------------------------+-----
Long Blades    | 4 5 6 8 10 11 | 11.2
Fighting       | |  3.2
Dodging        | |  2.6
Stealth        | |  1.7

Action                   |  1- 3 |  4- 6 |  7- 9 || total
-------------------------+-------+-------+-------++-------
Melee: Falchion          |   128 |    88 |   105 ||   321
       Tailslap          |    18 |    11 |    15 ||    44
Invok: Berserk           |       |     5 |     3 ||     8
       Trog's Hand       |       |       |     2 ||     2
 Abil: Breathe Dispellin |       |       |    13 ||    13
  Use: Potion            |       |     2 |     3 ||     5
       Scroll            |       |       |     1 ||     1
 Stab: Sleeping          |     4 |     1 |       ||     5
Armor: Skin              |    33 |    35 |    29 ||    97
Dodge: Dodged            |    89 |    61 |    55 ||   205
       Rpst.: Falchion   |    22 |    18 |    14 ||    54
